 Dungeon Crawl Stone Soup version 0.25.1-2-g60ff931df9 (webtiles) character file.

Game seed: 14957527136178611413

39 sking99 the Digger (level 3, 0/28 HPs)
             Began as a Draconian Earth Elementalist on Sept 21, 2020.
             Slain by Robin
             ... wielding a +2 spear of freezing
              (1 damage)
             ... on level 2 of the Dungeon.
             The game lasted 00:03:39 (1320 turns).

sking99 the Digger (Draconian Earth Elementalist)   Turns: 1320, Time: 00:03:40

Health: 0/28       AC:  5    Str: 10    XL:     3   Next: 26%
Magic:  0/6        EV: 12    Int: 16    God:
Gold:   43         SH:  0    Dex: 11    Spells: 0/6 levels left

rFire    . . .     SeeInvis .   (no weapon)
rCold    . . .     Gourm    .   (no shield)
rNeg     . . .     Faith    .   (armour unavailable)
rPois    .         Spirit   .   (helmet restricted)
rElec    .         Reflect  .   (no cloak)
rCorr    .         Harm     .   (no gloves)
MR       .....                  (no boots)
Stlth    ++........             (no amulet)
HPRegen  0.09/turn              (no ring)
MPRegen  0.10/turn              (no ring)

@: slowed, very slow
A: unfitting armour, cold-blooded, AC +5
a: no special abilities


You were on level 2 of the Dungeon.
You were not hungry.

You visited 1 branch of the dungeon, and saw 2 of its levels.

You collected 43 gold pieces.

Inventory:

Missiles
 b - 28 stones (quivered)
Armour
 l - a cursed +0 pair of gloves
Jewellery
 h - a +6 ring of intelligence {unknown}
 j - an uncursed amulet of the acrobat {unknown}
Scrolls
 d - 2 scrolls of fog {unknown}
 e - a scroll of remove curse {unknown}
 g - 2 scrolls of identify {unknown}
 i - a scroll of random uselessness {unknown}
Potions
 f - a potion of berserk rage {unknown}
 k - a potion of ambrosia {unknown}
Comestibles
 a - 6 chunks of flesh
 c - 3 rations


   Skills:
 + Level 1.2 Fighting
 - Level 1.8 Dodging
 - Level 1.8 Stealth
 + Level 2.4 Spellcasting
 + Level 0.1 Conjurations
 - Level 1.0 Transmutations
 * Level 3.7 Earth Magic


You couldn't memorise any spells.
You knew the following spells:

 Your Spells              Type           Power        Failure   Level  Hunger
a - Sandblast             Erth           ##....       4%          1    #......
b - Stone Arrow           Conj/Erth      #.....       26%         3    ###....
w - Passwall              Tmut/Erth      #.......     12%         2    ###....

Your spell library contained the following spells:

 Spells                   Type           Power        Failure   Level  Hunger
 Petrify                  Tmut/Erth      #.......     58%         4    #####..
 Lee's Rapid Deconstruct  Erth           ##........   75%         5    ######.


Dungeon Overview and Level Annotations

Branches:
Dungeon (2/15)

Altars:

Annotations:
D:2 Robin


Innate Abilities, Weirdness & Mutations

Your plain brown scales are hard. (AC +5)
You cannot fit into any form of body armour.
You are cold-blooded and may be slowed by cold attacks.


Message History

* * * LOW HITPOINT WARNING * * *
You hit Robin but do no damage.
Robin is severely wounded.
The goblin no longer looks unusually strong.
The goblin misses you.
Robin roars a battlecry!
The goblin goes into a battle-frenzy!
You barely miss Robin.
Robin is severely wounded.
The goblin hits you.
* * * LOW HITPOINT WARNING * * *
Robin completely misses you.
You hit Robin but do no damage. You tail-slap Robin.
Robin is almost dead.
The goblin hits you.
* * * LOW HITPOINT WARNING * * *
Robin hits you with a +2 spear of freezing.
* * * LOW HITPOINT WARNING * * *
You feel yourself slow down. Robin freezes you.
You die...

.P♣♣ #.#
♣..♣# #.#
♣P.P #.# ♣P.♣
#.# #♣♣.♣#
#.#
####....###.#
#...........#
#.##g.#####.#
#.##)@# #.#
#.##.g# #.#
#.##..# #.#
#.##... #.#
#.##.#.# #.#
#.##.#.# #.#
# #÷##. .#
#.# # #.##.
.# #.# # #.##
###.#


You could see Robin and a goblin (strong).

Vanquished Creatures
  A leopard gecko (D:2)
  5 bats
  3 giant cockroaches (D:1)
  6 goblins
  8 hobgoblins
  3 jackals (D:1)
  2 frilled lizards (D:1)
  2 kobolds (D:1)
  4 rats
34 creatures vanquished.

Notes
Turn   | Place    | Note
-------+----------+-------------------------------------------
     0 | D:1      | sking99 the Draconian Earth Elementalist began the quest
                  | for the Orb.
     0 | D:1      | Reached XP level 1. HP: 14/14 MP: 3/3
   160 | D:1      | Reached XP level 2. HP: 6/22 MP: 0/5
   461 | D:1      | Learned a level 2 spell: Passwall
   826 | D:1      | Reached skill level 1 in Fighting
  1110 | D:2      | Noticed Robin
  1131 | D:2      | Reached XP level 3. HP: 27/28 MP: 4/6
  1256 | D:2      | Learned a level 3 spell: Stone Arrow
  1320 | D:2      | HP: 1/28 [Robin/+2 spear of freezing (1)]
  1320 | D:2      | Slain by Robin

Illustrated notes

Levels and vault maps discovered:
D:1:      scummos_arrival_checkerplants, layout_basic
D:2:      layout_loops_ring, grunt_gozag_breadcrumbs, serial_forest,
          infiniplex_forest_lined_room_3, infiniplex_forest_clump_double,
          infiniplex_forest_straight_2, infiniplex_forest_clump_small,
          infiniplex_forest_corner_2, infiniplex_forest_end_3,
          infiniplex_forest_clump_tiny, infiniplex_forest_side_room,
          infiniplex_forest_straight_2, uniq_robin

Skill      XL: |  1  2 |
---------------+-------+-----
Fighting       | 1 |  1.2
Dodging        | |  1.8
Stealth        | |  1.8
Spellcasting   | |  2.4
Conjurations   | |  0.1
Transmutations | |  1.0
Earth Magic    | |  3.7

Action                   || total
-------------------------++-------
Melee: Unarmed           ||     9
       Tailslap          ||     2
 Cast: Sandblast         ||    49
  Eat: Chunk             ||     2
Armor: Skin              ||    18
Dodge: Dodged            ||    37
